 Dungeon Sprint DCSS version 0.21-a0-260-g9b2435e (webtiles) character file.

3932 Kidiri the Covert (level 10, 0/51 HPs)
             Began as a Spriggan Enchanter on Sept 7, 2017.
             Was a Priest of Dithmenos.
             Succumbed to a death drake's dark miasma
             ... in the Dungeon (Sprint II: "The Violet Keep of Menkaure").
             The game lasted 00:07:13 (1391 turns).

Kidiri the Covert (Spriggan Enchanter)              Turns: 1391, Time: 00:07:14

Health: 0/51       AC:  2    Str:  4    XL:     10   Next: 1%
Magic:  13/26      EV: 30    Int: 18    God:    Dithmenos [***...]
Gold:   914        SH:  0    Dex: 19    Spells: 10/31 levels left

rFire    . . .     SeeInvis +   a - +1 dagger
rCold    . . .     Gourm    .   (shield restricted)
rNeg     . . .     Faith    .   b - +0 robe
rPois    .         Spirit   .   (helmet restricted)
rElec    .         Reflect  .   (no cloak)
rCorr    .         Harm     .   (gloves unavailable)
MR       +....     NoTele   +   (boots unavailable)
Stlth    +++.......             (no amulet)
HPRegen  0.17/turn              (no ring)
MPRegen  0.20/turn              (no ring)

@: confused, lethally poisoned (0 -> -9), wreathed by umbra, very quick
A: unfitting armour, see invisible, herbivore 3, speed 3, slow metabolism 2
a: Shadow Step, Renounce Religion


You were in the Dungeon.
You worshipped Dithmenos.
Dithmenos was most pleased with you.
You were not hungry.

You visited 1 branch You collected 1134 gold pieces.
You spent 220 gold pieces at shops.

Inventory:

Hand Weapons
 a - a +1 dagger (weapon)
Armour
 b - a +0 robe (worn)
Scrolls
 g - a scroll of remove curse {unknown}
 j - a scroll of blinking
Potions
 i - a potion of berserk rage
Books
 c - a book of Maledictions

   Spells                             Type                      Level
   a - Corona                         Hexes                        1
   b - Ensorcelled Hibernation        Hexes/Ice                    2
   c - Confuse                        Hexes                        3
   d - Tukima's Dance                 Hexes                        3
   e - Dazzling Spray                 Conjuration/Hexes            3
 e - a book of Misfortune

   Spells                             Type                      Level
   a - Confusing Touch                Hexes                        1
   b - Confuse                        Hexes                        3
   c - Gell's Gravitas                Translocation                3
   d - Petrify                        Transmutation/Earth          4
   e - Metabolic Englaciation         Hexes/Ice                    5
   f - Yara's Violent Unravelling     Hexes/Transmutation          5
Comestibles
 d - a bread ration


   Skills:
 + Level 5.1 Fighting
 * Level 10.0 Short Blades
 + Level 4.6 Armour
 * Level 12.9 Dodging
 * Level 14.0 Stealth
 * Level 11.0 Spellcasting
 + Level 4.3 Conjurations
 + Level 8.6 Hexes
 + Level 4.7 Transmutations
 + Level 4.7 Ice Magic
 + Level 3.1 Earth Magic
 + Level 3.3 Invocations


You had 10 spell levels left.
You knew the following spells:

 Your Spells              Type           Power        Failure   Level  Hunger
a - Corona                Hex            #####..      1%          1    None
b - Ensorcelled Hibernat  Hex/Ice        ####..       1%          2    None
c - Confuse               Hex            #####...     1%          3    None
d - Tukima's Dance        Hex            #####...     1%          3    None
e - Dazzling Spray        Conj/Hex       ####..       1%          3    None
f - Petrify               Tmut/Erth      ###.....     14%         4    ##.....
g - Metabolic Englaciati  Hex/Ice        ####......   12%         5    #####..


Dungeon Overview and Level Annotations

Branches:
Dungeon (1/1)

Altars:
Cheibriados
Dithmenos
Elyvilon
Fedhas
Gozag
Hepliaklqana
Kikubaaqudgha
Makhleb
Nemelex Xobeh
Okawaru
Qazlal
Ru
Sif Muna
Trog
Uskayaw
Vehumet
Wu Jian
Xom
Yredelemnul
Zin
The Shining One
Beogh
Jiyva
Lugonu

Shops:
D :(%*[!=!!:[(}=?}

Annotations:
D exclusions: obsidian statue and oklob plant


Innate Abilities, Weirdness & Mutations

You are very small and have problems with some larger weapons.
You are too small for most types of armour.
You have supernaturally acute eyesight. (SInv)
You are a herbivore.
You cover ground extremely quickly.
You need consume almost no food.


Message History

You are more confused.
* * * LOW HITPOINT WARNING * * *
x2 You feel sick.
The swamp drake misses you. The swamp drake completely misses you.
Unknown command.
You barely miss the swamp drake.
The swamp drake is almost dead.
The swamp drake completely misses you.
Unknown command.
You bump into the stone wall.
* * * LOW HITPOINT WARNING * * *
You feel sick. The swamp drake completely misses you.
The swamp drake closely misses you.
Unknown command.
You hit the swamp drake.
You kill the swamp drake!
Dithmenos accepts your kill.
You now sometimes bleed smoke when heavily injured by enemies.
Unknown command.
You die...

≈≈§§§§§## §§8§≈§§§##++# §§§≈§§
...### §§§≈ ....# +++#+++## ...#
........# ^.# .##+##..# ####.# #
##...##.####.D+.##.# :▓?(!$=(?$▓
#..#).# ...#$(#.@.####▓!$)?!?([▓
##...####..#####k.##.#▓?(![$[!$▓
###+###.##..#..+..#..#▓)$?!%$%(▓
.##.##.#.#..#..#..#..#▓[?$(!$%?▓
#+.<.+###+..####.§##.#▓!%?$[(??▓
.##.##.#.#....###.§)##▓▓▓▓▓▓▓+▓▓
###+###.##......≈≈≈≈†≈≈≈≈†≈≈≈...
###.#####≈≈.....≈#+########+###.
#..#..#≈≈≈≈≈≈≈.§≈#†.._._._#t≈≈#


You could see a swamp drake.

Vanquished Creatures
  2 death drakes (D)
  A merfolk siren (D)
  A yaktaur (D)
  2 spiny frogs (D)
  3 polar bears (D)
  A hornet (D)
  2 tyrant leeches (D)
  2 hippogriffs (D)
  Menkaure (D)
  A swamp drake (D)
  A scorpion (D)
  4 worker ants (D)
21 creatures vanquished.

Vanquished Creatures (others)
  A crocodile (D)
1 creature vanquished.

Grand Total: 22 creatures vanquished

Notes
Turn   | Place    | Note
-------+----------+-------------------------------------------
     0 | D        | Kidiri the Spriggan Enchanter began the quest for the Orb.
     0 | D        | Reached XP level 1. HP: 9/9 MP: 5/5
     1 | D        | Noticed a merfolk siren
     4 | D        | Noticed a hippogriff
     4 | D        | Noticed a hippogriff
     8 | D        | Noticed a tyrant leech
     8 | D        | Noticed a tyrant leech
    12 | D        | Noticed a worker ant
    12 | D        | Noticed a worker ant
    14 | D        | Noticed a worker ant
    14 | D        | Noticed a worker ant
    15 | D        | Killed a worker ant
    15 | D        | Reached skill level 1 in Fighting
    15 | D        | Reached skill level 5 in Stealth
    15 | D        | Reached XP level 2. HP: 14/14 MP: 5/7
    17 | D        | Reached skill level 1 in Armour
    17 | D        | Reached skill level 5 in Dodging
    17 | D        | Reached skill level 6 in Stealth
    17 | D        | Reached XP level 3. HP: 18/18 MP: 5/9
    31 | D        | Reached XP level 4. HP: 15/22 MP: 5/11
    36 | D        | Killed a crocodile
    68 | D        | Learned a level 2 spell: Ensorcelled Hibernation
    72 | D        | Learned a level 3 spell: Confuse
    76 | D        | Learned a level 3 spell: Tukima's Dance
    80 | D        | Learned a level 3 spell: Dazzling Spray
   333 | D        | Reached skill level 7 in Stealth
   333 | D        | Reached skill level 5 in Spellcasting
   364 | D        | Killed a hippogriff
   364 | D        | Reached skill level 5 in Short Blades
   364 | D        | Reached skill level 9 in Stealth
   364 | D        | Reached skill level 1 in Conjurations
   364 | D        | Reached skill level 5 in Hexes
   364 | D        | Reached skill level 1 in Ice Magic
   364 | D        | Reached XP level 5. HP: 20/27 MP: 6/15
   368 | D        | Killed a hippogriff
   368 | D        | Reached skill level 10 in Stealth
   368 | D        | Reached XP level 6. HP: 15/32 MP: 3/17
   546 | D        | Killed a merfolk siren
   546 | D        | Reached skill level 11 in Stealth
   546 | D        | Reached XP level 7. HP: 36/36 MP: 17/19
   566 | D        | Killed a tyrant leech
   566 | D        | Reached skill level 10 in Dodging
   571 | D        | Killed a tyrant leech
   571 | D        | Reached XP level 8. HP: 42/42 MP: 11/22
   589 | D        | Noticed an obsidian statue
   591 | D        | Noticed Menkaure
   607 | D        | Killed Menkaure
   607 | D        | Reached skill level 12 in Stealth
   630 | D        | Found Laasazor's Magic Scroll Emporium.
   632 | D        | Found Qanefiotra's Gadget Shoppe.
   634 | D        | Found Binaif's Book Shoppe.
   634 | D        | Found Sissu's Distillery.
   634 | D        | Found Xoeff's Distillery.
   635 | D        | Found Joem's Distillery.
   635 | D        | Found Fuadghuo's Antique Armour Shoppe.
   883 | D        | Found Ranaroc's Antique Weapon Shoppe.
   883 | D        | Found Duciykoi's Assorted Antiques.
   884 | D        | Found Necwued's Food Shoppe.
   884 | D        | Found Boamit's Weapon Emporium.
   885 | D        | Found Naseus's Jewellery Shoppe.
   885 | D        | Found Sesch's Jewellery Emporium.
   886 | D        | Found Ikuweatu's Gadget Shoppe.
   886 | D        | Found Juxirr's Antique Armour Emporium.
   889 | D        | Noticed an oklob plant
   890 | D        | Found Qoaceyluhe's Book Shoppe.
   893 | D        | Noticed a polar bear
   893 | D        | Noticed a polar bear
   898 | D        | Noticed a slime creature
   898 | D        | Noticed a slime creature
   931 | D        | Bought a book of Misfortune for 220 gold pieces
   936 | D        | Learned a level 4 spell: Petrify
   942 | D        | Learned a level 5 spell: Metabolic Englaciation
   973 | D        | Found a glowing golden altar of the Shining One.
   973 | D        | Found an ornate altar of the Wu Jian Council.
   975 | D        | Found a shimmering altar of Xom.
   975 | D        | Found a sacrificial altar of Ru.
   976 | D        | Found a basalt altar of Yredelemnul.
   976 | D        | Found a deep blue altar of Sif Muna.
   977 | D        | Found a glowing silver altar of Zin.
   977 | D        | Found a bloodstained altar of Trog.
   977 | D        | Found an ancient bone altar of Kikubaaqudgha.
   977 | D        | Found a stormy altar of Qazlal.
   977 | D        | Found a viscous altar of Jiyva.
   978 | D        | Found a hide-covered altar of Uskayaw.
   978 | D        | Found a corrupted altar of Lugonu.
   978 | D        | Found a shadowy altar of Dithmenos.
   979 | D        | Found a radiant altar of Vehumet.
   979 | D        | Found a burning altar of Makhleb.
   979 | D        | Found a white marble altar of Elyvilon.
   980 | D        | Found a sparkling altar of Nemelex Xobeh.
   980 | D        | Found a blossoming altar of Fedhas.
   982 | D        | Found an iron altar of Okawaru.
   982 | D        | Found an opulent altar of Gozag.
   982 | D        | Found a hazy altar of Hepliaklqana.
   982 | D        | Found a snail-covered altar of Cheibriados.
   982 | D        | Noticed a hornet
   982 | D        | Noticed a polar bear
   983 | D        | Found a roughly hewn altar of Beogh.
   983 | D        | Noticed a yaktaur
   991 | D        | Became a worshipper of Dithmenos the Shadowed
  1000 | D        | Noticed a polar bear
  1002 | D        | Noticed a polar bear
  1009 | D        | Killed a hornet
  1009 | D        | Reached skill level 1 in Transmutations
  1012 | D        | Killed a yaktaur
  1012 | D        | Reached skill level 1 in Earth Magic
  1012 | D        | Reached skill level 1 in Invocations
  1024 | D        | Killed a polar bear
  1024 | D        | Reached * piety under Dithmenos
  1024 | D        | Reached skill level 10 in Spellcasting
  1024 | D        | Reached XP level 9. HP: 44/46 MP: 5/24
  1031 | D        | Killed a polar bear
  1046 | D        | Killed a polar bear
  1046 | D        | Reached skill level 13 in Stealth
  1059 | D        | Noticed a spiny frog
  1062 | D        | Noticed a spiny frog
  1067 | D        | Killed a spiny frog
  1067 | D        | Reached ** piety under Dithmenos
  1071 | D        | Killed a spiny frog
  1371 | D        | Noticed a fire dragon
  1372 | D        | HP: 2/46 [fire dragon/blast of flame (44)]
  1374 | D        | Noticed a death drake
  1377 | D        | Noticed a death drake
  1378 | D        | Killed a death drake
  1381 | D        | Killed a death drake
  1381 | D        | Reached skill level 5 in Fighting
  1381 | D        | Reached skill level 10 in Short Blades
  1381 | D        | Reached skill level 14 in Stealth
  1381 | D        | Reached XP level 10. HP: 12/51 MP: 15/26
  1389 | D        | HP: 1/51 [poisoned by a death drake (dark miasma)]
  1390 | D        | Reached *** piety under Dithmenos
  1391 | D        | Succumbed to a death drake's dark miasma

Vault maps used:
D:        the_violet_keep_of_menkaure

Skill      XL: |  1  2  3  4  5  6  7  8  9 |
---------------+----------------------------+-----
Fighting       | 1 2 3 4 5 |  5.1
Short Blades   | 2 3 5 6 7 8 10 | 10.0
Dodging        | 4 5 7 8 9 10 11 12 | 12.9
Stealth        | 5 6 9 10 11 12 14 | 14.0
Spellcasting   | 3 4 6 7 8 9 10 11 | 11.0
Hexes          | 4 5 6 7 8 |  8.6
Armour         | 1 2 3 4 |  4.6
Conjurations   | 1 2 3 4 |  4.3
Ice Magic      | 1 2 3 4 |  4.7
Transmutations | 2 4 |  4.7
Earth Magic    | 1 3 |  3.1
Invocations    | 1 3 |  3.3

Action                   |  1- 3 |  4- 6 |  7- 9 | 10-12 || total
-------------------------+-------+-------+-------+-------++-------
Melee: Dagger            |    10 |     6 |    26 |     6 ||    48
 Cast: Corona            |     1 |       |       |       ||     1
       Ensorcelled Hiber |       |     5 |    20 |       ||    25
       Confuse           |       |       |    11 |     1 ||    12
       Dazzling Spray    |       |       |     4 |       ||     4
  Use: Potion            |     1 |       |     4 |       ||     5
 Stab: Sleeping          |     3 |     4 |     9 |       ||    16
       Confused          |       |       |     6 |       ||     6
Armor: Robe              |       |       |     1 |       ||     1
Dodge: Dodged            |     7 |     6 |    41 |     7 ||    61

Table legend:
 A = Spawn XP
 B = Non-spawn XP
 C = Spawn XP percentage of total XP
 D = Spawn monster count
 E = Non-spawn monster count
 F = Spawn count percentage of total count
 G = Total turns spent on level
                    A         B        C        D         E        F      G
               +---------+---------+-------+---------+---------+-------+---------
         Total |       0 |    5618 |   0.0 |       0 |      21 |   0.0 |  1391
               +---------+---------+-------+---------+---------+-------+---------
             D |       0 |    5618 |   0.0 |       0 |      21 |   0.0 |  1391
               +---------+---------+-------+---------+---------+-------+---------
